 Dungeon Crawl Stone Soup version 0.18.1-5-g4a78601 (webtiles) character file.

31870 epen the Markscentaur (level 13, 0/111 HPs)
             Began as a Centaur Hunter on May 11, 2016.
             Slain by a death yak (10 damage)
             ... on level 7 of the Lair of Beasts.
             The game lasted 00:51:10 (26581 turns).

epen the Markscentaur (Centaur Hunter)             Turns: 26581, Time: 00:51:11

Health: 0/111      AC: 16    Str: 18    XL:     13   Next: 28%
Magic:  16/16      EV:  8    Int: 10    God:
Gold:   1258       SH:  3    Dex: 12    Spells: 0 memorised, 12 levels left

rFire  . . .     SeeInvis .     T - +4 dagger (drain)
rCold  . . .     Gourm    .     s - +0 ring mail
rNeg   . . .     Faith    .     (no shield)
rPois  +         Spirit   .     Q - +1 hat
rElec  .         Dismiss  .     O - +2 cloak
rCorr  .         Reflect  +     (no gloves)
SustAt .         Harm     .     u - +0 centaur barding
MR     .....                    o - +3 amulet of reflection
Stlth  ..........               y - +2 ring of evasion
                                q - ring of poison resistance

@: very quick, not resistant to hostile enchantments, extremely unstealthy
A: antennae 1, hooves 3, deformed body, speed 2, tough skin 3, wild magic 2
a: no special abilities


You were on level 7 of the Lair of Beasts.
You were not hungry.

You visited 2 branches of the dungeon, and saw 17 of its levels.

You collected 1258 gold pieces.

Inventory:

Hand Weapons
 a - a +1 shortbow
 T - a +4 dagger of draining (weapon)
Missiles
 d - an arrow
Armour
 c - a +0 leather armour
 s - a +0 ring mail (worn)
 u - a +0 centaur barding (worn)
 O - a +2 cloak (worn)
 Q - a +1 hat (worn)
Magical Staves
 L - an uncursed staff of cold
Jewellery
 o - a +3 amulet of reflection (around neck)
 q - a ring of poison resistance (left hand)
 y - a +2 ring of evasion (right hand)
 C - an uncursed ring of sustain attributes
 D - an uncursed ring of flight
 F - an uncursed ring of fire
 P - an uncursed ring of magical power
 S - an uncursed ring of magical power
 Z - a +5 ring of intelligence
Wands
 j - a wand of acid (7/15)
 z - a wand of lightning (14/15)
 G - a wand of digging (2/24)
 R - a wand of teleportation (1/9)
Scrolls
 b - 8 scrolls of teleportation
 g - 2 scrolls of enchant weapon
 i - 3 scrolls of noise
 v - a scroll of blinking
 x - 4 scrolls of immolation
 H - 3 scrolls of fear
 I - 4 scrolls of recharging
 K - 2 scrolls of remove curse
 N - a scroll of fog
 U - 4 scrolls of identify
 V - a scroll of amnesia
 Y - a scroll of magic mapping
Potions
 e - 2 potions of cure mutation
 k - 10 potions of curing
 l - a potion of brilliance {unknown}
 m - 2 potions of lignification
 n - a potion of ambrosia
 p - 2 potions of might
 t - 3 potions of haste
 w - 2 potions of magic
 A - 2 potions of berserk rage
 E - 2 potions of agility
 M - a potion of heal wounds
Books
 W - a book of the Earth

   Spells                             Type                      Level
   a - Leda's Liquefaction            Hexes/Earth                  4
   b - Bolt of Magma                  Conjuration/Fire/Earth       5
   c - Statue Form                    Transmutation/Earth          6
   d - Iron Shot                      Conjuration/Earth            6
   e - Shatter                        Earth                        9
Miscellaneous
 B - a box of beasts {used: 12}
Comestibles
 f - 13 bread rations
 h - 6 beef jerkies
 r - 3 meat rations
 J - 17 fruits


   Skills:
 + Level 9.6 Fighting
 + Level 3.1 Short Blades
 * Level 16.3 Bows
 + Level 6.7 Armour
 * Level 10.0 Dodging
 - Level 0.5 Stealth
 + Level 4.8 Evocations


You had 12 spell levels left.
You didn't know any spells.

Dungeon Overview and Level Annotations

Branches:
Dungeon (10/15)            Temple (0/1) D:7            Lair (7/8) D:10
 Shoals (0/4) Lair:6        Snake (0/4) Lair:4        Slime (0/6) Lair:6
    Orc (0/2) D:10

Altars:
Dithmenos
Elyvilon
Fedhas
Gozag
Kikubaaqudgha
Makhleb
Okawaru
Pakellas
Qazlal
Trog
Vehumet
Xom
Yredelemnul
Jiyva

Shops:
D:5 (   D:9 :

Annotations:
D:7 Erolcha
Lair:1 exclusion: oklob plant


Innate Abilities, Weirdness & Mutations

You have hooves in place of feet.
Armour fits poorly on your strangely shaped body.
You cover ground very quickly.
You have extremely tough skin (AC +3).
You have a pair of small antennae on your head.
Your spells are harder to cast, but more powerful.


Message History

You hit the elephant but do no damage.
The elephant is lightly wounded.
You swing at nothing.
The elephant tramples you!
* * * LOW HITPOINT WARNING * * *
You hold your ground!
The elephant barely misses you.
The elephant seems less drained.
There is a stone staircase leading down here.
You climb downwards.
The death yak gores you.
* * * LOW HITPOINT WARNING * * *
The seven-headed hydra bites you!
* * * LOW HITPOINT WARNING * * *
The seven-headed hydra bites you but does no damage.
The seven-headed hydra misses you. x2; The seven-headed hydra bites you.
* * * LOW HITPOINT WARNING * * *
The seven-headed hydra bites you but does no damage.
The seven-headed hydra misses you.
There is a stone staircase leading up, spattered with blood here.
Unknown command.
The death yak gores you!
You die...

...#.# .. .....#
...##....###
#.....(.....##
.P......(....P
PPP.P.....(...##
.PPP........Y>P###
..PPP.......@....#
.............DP###
..............P.#
.P.........(....#
.#...#.#'(.###.#
##.#.##((## ##
#....#(.#.#
#....(....#
###..(P..###


You could see a death yak and a seven-headed hydra.

Vanquished Creatures
  Rupert (Lair:5)
  5 hydras
  3 death yaks (Lair:6)
  Pikel (D:6)
  A salamander (Lair:4)
  A griffon (Lair:6)
  3 black mambas
  5 elephants
  A siren (Lair:6)
  Maurice (D:10)
  10 spiny frogs
  5 rime drakes
  6 komodo dragons
  A polar bear (Lair:3)
  A two-headed ogre (D:8)
  Grinder (D:4)
  4 blink frogs (Lair:4)
  A spriggan (D:7)
  17 yaks
  Grum (D:10)
  6 hippogriffs
  3 basilisks
  Edmund (D:4)
  A naga (Lair:4)
  5 water moccasins
  Purgy (D:2)
  2 porcupines
  2 swamp drakes (Lair:5)
  A black bear (Lair:3)
  2 ice beasts (D:9)
  2 phantoms (D:8)
  An orc warrior (D:10)
  2 sky beasts
  A necrophage (D:8)
  An ogre (D:10)
  18 wolves
  4 centaurs
  14 crocodiles
  A big kobold (D:8)
  15 giant frogs
  Blork the orc (D:6)
  A wyvern skeleton (D:9)
  3 scorpions
  8 killer bees
  An electric eel (D:6)
  3 howler monkeys
  9 crimson imps
  6 hounds
  2 orc priests
  A giant frog skeleton (D:5)
  A gnoll shaman (D:8)
  2 jellies
  A centaur skeleton (D:9)
  11 iguanas
  Natasha (twice) (D:3)
  9 worker ants
  5 orc wizards
  A hound zombie (D:5)
  A hound skeleton (D:9)
  A worker ant zombie (D:10)
  Robin (D:4)
  11 gnolls
  2 howler monkey skeletons
  85 river rats
  7 adders
  4 shadow imps
  An adder zombie (D:5)
  An adder skeleton (D:9)
  5 worms
  3 dart slugs
  8 giant geckos
  30 orcs
  6 bats
  5 giant cockroaches
  15 goblins
  9 hobgoblins
  3 jackals (D:6)
  14 kobolds
  6 quokkas
  2 ball pythons
  A giant newt (D:7)
  7 rats (D:1)
447 creatures vanquished.

Vanquished Creatures (collateral kills)
  A death yak (Lair:6)
  A torpor snail (Lair:6)
  2 yaks (Lair:6)
  A steam dragon (Lair:5)
  A plant (Lair:5)
6 creatures vanquished.

Vanquished Creatures (others)
  2 slaves (D:6)
  An orc wizard (D:6)
  An orc priest (D:6)
  An adder skeleton (D:5)
  An orc (D:6)
  21 fungi
  8 plants
  23 toadstools (Lair:1)
58 creatures vanquished.

Grand Total: 511 creatures vanquished

Notes
Turn   | Place    | Note
--------------------------------------------------------------
     0 | D:1      | epen the Centaur Hunter began the quest for the Orb.
     0 | D:1      | Reached XP level 1. HP: 17/17 MP: 1/1
   120 | D:1      | Reached XP level 2. HP: 10/24 MP: 2/2
   871 | D:1      | Reached skill level 1 in Armour
   871 | D:1      | Reached XP level 3. HP: 27/29 MP: 3/3
  1229 | D:2      | Found an opulent altar of Gozag.
  1528 | D:2      | Found a radiant altar of Vehumet.
  1576 | D:2      | Found an iron altar of Okawaru.
  1653 | D:2      | Reached skill level 6 in Bows
  1653 | D:2      | Reached XP level 4. HP: 34/36 MP: 4/4
  2107 | D:3      | Noticed Purgy
  2189 | D:2      | Killed Purgy
  2189 | D:2      | Reached XP level 5. HP: 26/42 MP: 5/5
  2357 | D:3      | HP: 2/42 [iguana (10)]
  2892 | D:3      | Noticed Natasha
  2896 | D:3      | Killed Natasha
  2980 | D:3      | Noticed Natasha
  2999 | D:3      | Killed Natasha
  3270 | D:4      | Reached XP level 6. HP: 51/51 MP: 6/6
  3405 | D:4      | Reached skill level 7 in Bows
  3716 | D:4      | Noticed Robin
  3746 | D:4      | Killed Robin
  3904 | D:4      | Noticed Edmund
  3945 | D:4      | Killed Edmund
  4154 | D:4      | Noticed Grinder
  4159 | D:4      | Paralysed by Grinder for 3 turns
  4179 | D:4      | Killed Grinder
  4179 | D:4      | Reached XP level 7. HP: 30/57 MP: 7/7
  4378 | D:5      | Entered Level 5 of the Dungeon
  4409 | D:5      | Reached skill level 8 in Bows
  4921 | D:5      | Found Ilebiem's Weapon Boutique.
  5227 | D:5      | Reached XP level 8. HP: 53/66 MP: 8/8
  5581 | D:6      | Reached skill level 9 in Bows
  5606 | D:6      | Noticed Blork the orc
  5622 | D:6      | Killed Blork the orc
  5647 | D:6      | Found a bloodstained altar of Trog.
  5753 | D:6      | Found a burning altar of Makhleb.
  5900 | D:6      | Noticed Pikel
  5931 | D:6      | Killed Pikel
  5931 | D:6      | Reached skill level 5 in Fighting
  5931 | D:6      | Reached skill level 5 in Dodging
  6133 | D:6      | Reached skill level 10 in Bows
  6612 | D:5      | Reached XP level 9. HP: 56/74 MP: 9/9
  7133 | D:7      | Found a staircase to the Ecumenical Temple.
  7157 | D:7      | Gained mutation: Your spells are a little harder to cast, but a little more powerful. [potion of mutation]
  7157 | D:7      | Gained mutation: Your spells are harder to cast, but more powerful. [potion of mutation]
  7157 | D:7      | Gained mutation: You have a pair of small antennae on your head. [potion of mutation]
  8399 | D:7      | Found an oddly glowing altar of Pakellas.
  9046 | D:7      | Reached skill level 11 in Bows
  9392 | D:8      | Noticed Erolcha
  9694 | D:8      | Found an ancient bone altar of Kikubaaqudgha.
 10093 | D:8      | Reached XP level 10. HP: 53/82 MP: 10/10
 10762 | D:8      | Reached skill level 12 in Bows
 11308 | D:9      | Found a basalt altar of Yredelemnul.
 11361 | D:9      | Found a white marble altar of Elyvilon.
 11730 | D:9      | Found a stormy altar of Qazlal.
 11730 | D:9      | Found a shadowy altar of Dithmenos.
 11733 | D:9      | Found a shimmering altar of Xom.
 11754 | D:9      | Found Unatugga's Book Emporium.
 11820 | D:10     | Entered Level 10 of the Dungeon
 11838 | D:10     | Noticed Grum
 11907 | D:10     | Killed Grum
 12324 | D:10     | Found a staircase to the Orcish Mines.
 12330 | D:10     | Noticed Maurice
 12401 | D:10     | Killed Maurice
 12871 | D:10     | Found a staircase to the Lair.
 12932 | D:10     | Found an oddly glowing altar of Pakellas.
 13050 | Lair:1   | Entered Level 1 of the Lair of Beasts
 13076 | Lair:1   | Noticed a spiny frog
 13098 | Lair:1   | Killed a spiny frog
 13112 | Lair:1   | Reached skill level 13 in Bows
 13351 | Lair:1   | Reached skill level 5 in Armour
 14406 | Lair:1   | You fall through a shaft!
 14406 | Lair:2   | Noticed a spiny frog
 14591 | Lair:1   | Reached XP level 11. HP: 63/92 MP: 11/11
 15106 | Lair:1   | Found a blossoming altar of Fedhas.
 15125 | Lair:1   | Noticed an oklob plant
 15389 | Lair:2   | Noticed a seven-headed hydra
 15477 | Lair:2   | Killed a seven-headed hydra
 16334 | Lair:2   | You fall through a shaft!
 16334 | Lair:3   | Noticed a six-headed hydra
 16578 | Lair:2   | Killed a six-headed hydra
 16578 | Lair:2   | Reached skill level 14 in Bows
 16578 | Lair:2   | Reached skill level 1 in Evocations
 17773 | Lair:3   | Noticed a six-headed hydra
 17825 | Lair:3   | Killed a six-headed hydra
 18295 | Lair:4   | Found a staircase to the Snake Pit.
 18678 | Lair:4   | Reached XP level 12. HP: 53/102 MP: 14/14
 19802 | Lair:4   | Reached skill level 15 in Bows
 20266 | Lair:5   | Reached skill level 1 in Short Blades
 20566 | Lair:5   | Noticed an eight-headed hydra
 20585 | Lair:5   | Killed an eight-headed hydra
 22209 | Lair:5   | Noticed Rupert
 22209 | Lair:5   | Paralysed by Rupert for 6 turns
 22327 | Lair:5   | Killed Rupert
 23898 | Lair:6   | Found a viscous altar of Jiyva.
 23899 | Lair:6   | Found a staircase to the Slime Pits.
 23953 | Lair:6   | Noticed a six-headed hydra
 24021 | Lair:6   | Killed a six-headed hydra
 24194 | Lair:6   | Reached skill level 16 in Bows
 24194 | Lair:6   | Reached XP level 13. HP: 98/111 MP: 16/16
 24328 | Lair:6   | Found a staircase to the Shoals.
 26247 | Lair:6   | Reached skill level 10 in Dodging
 26581 | Lair:7   | Slain by a death yak

Skill      XL: |  1  2  3  4  5  6  7  8  9 10 11 12 13 |
---------------+----------------------------------------+-----
Dodging        | 2 3 4 5 6 7 8 9 10 | 10.0
Armour         | 1 2 3 4 5 6 |  6.7
Bows           | 6 7 8 10 11 13 14 16 | 16.3
Fighting       | 3 4 5 6 7 8 9 |  9.6
Evocations     | 3 4 |  4.8
Short Blades   | 2 3 |  3.1
Stealth        | |  0.5

Action                   |  1- 3 |  4- 6 |  7- 9 | 10-12 | 13-15 || total
-------------------------+-------+-------+-------+-------+-------++-------
Melee: Short sword       |    67 |    15 |       |       |       ||    82
       Kick              |    13 |    36 |   135 |   372 |    84 ||   640
       Dagger            |       |   131 |   596 |  1276 |   235 ||  2238
 Fire: Shortbow          |    81 |    69 |   208 |   720 |   140 ||  1218
Evoke: Wand              |       |       |       |     3 |     1 ||     4
       Box of beasts     |       |       |       |    10 |     2 ||    12
  Use: Scroll            |       |     2 |    20 |     7 |       ||    29
       Potion            |       |       |     2 |     1 |       ||     3
  Eat: Chunk             |     1 |     7 |    12 |    23 |     4 ||    47
       Bread ration      |       |       |     1 |       |       ||     1
       Pizza             |       |       |       |     3 |       ||     3
       Royal jelly       |       |       |       |     1 |       ||     1
       Meat ration       |       |       |       |     2 |     1 ||     3
Armor: Leather armour    |    20 |       |       |       |       ||    20
       Ring mail         |    17 |    89 |   318 |   732 |    90 ||  1246
Dodge: Dodged            |    25 |    46 |   235 |   874 |   122 ||  1302
Block: Other             |     7 |    23 |    79 |   186 |    27 ||   322
       Reflection        |       |       |     4 |       |       ||     4
